 Dungeon Crawl Stone Soup version 0.26.1-11-gd32895ea62 (webtiles) character file.

Game seed: 1365104935125279185

39 Arcadio the Insei (level 3, 0/26 HPs)
             Began as a Merfolk Transmuter on May 18, 2021.
             Succumbed to an adder's poison
             ... on level 2 of the Dungeon.
             The game lasted 00:05:45 (1483 turns).

Arcadio the Insei (Merfolk Transmuter)              Turns: 1483, Time: 00:05:45

Health: 0/26       AC:  2    Str: 11    XL:     3   Next: 45%
Magic:  6/6        EV: 13    Int: 12    God:
Gold:   86         SH:  0    Dex: 14    Spells: 0/6 levels left

rFire    . . .     SeeInvis .   j - +0 dagger
rCold    . . .     Faith    .   (no shield)
rNeg     . . .     Spirit   .   a - +0 robe
rPois    .         Reflect  .   (helmet currently unavailable)
rElec    .         Harm     .   (no cloak)
rCorr    .         Rampage  .   (no gloves)
Will     .....                  (boots currently unavailable)
Stlth    +.........             (no amulet)
HPRegen  0.08/turn              (no ring)
MPRegen  0.10/turn              (no ring)

@: lethally poisoned (0 -> -12), about to teleport, appendages (expiring)
A: change form in water, swift swim, stealthy swim, horns 2
a: End Transformation


You were on level 2 of the Dungeon.
You had grown temporary horns.
You visited 1 branch of the dungeon, and saw 2 of its levels.

You collected 86 gold pieces.

Inventory:

Hand Weapons
 j - a +0 dagger (weapon)
Missiles
 c - 4 javelins
Armour
 a - a +0 robe (worn)
 d - a +0 helmet
Scrolls
 b - a scroll of remove curse
 g - a scroll of fear {unknown}
 h - a scroll of noise {unknown}
 i - a scroll of amnesia {unknown}
Potions
 e - a potion of mutation


   Skills:
 - Level 1.1 Fighting
 * Level 1.3 Short Blades
 + Level 3.5 Dodging
 - Level 3.6 Unarmed Combat
 - Level 2.0 Spellcasting
 + Level 3.5 Transmutations


You couldn't memorise any spells.
You knew the following spells:

 Your Spells              Type           Power        Failure   Level
a - Beastly Appendage     Tmut           18%          6%          1
b - Wereblood             Tmut           9%           10%         2
c - Spider Form           Tmut/Pois      2%           36%         3

Your spell library contained the following spells:

 Spells                   Type           Power        Failure   Level
 Ice Form                 Ice/Tmut       5%           78%         4
 Blade Hands              Tmut           4%           87%         5


Dungeon Overview and Level Annotations

Branches:
Dungeon (2/15)

Altars:


Innate Abilities, Weirdness & Mutations

You revert to your normal form in water.
You are very nimble and swift while swimming.
You are very stealthy in the water. (Stealth+)
You have a pair of horns on your head.


Message History

You closely miss the adder.
The adder is lightly wounded.
The adder bites you.
* * * LOW HITPOINT WARNING * * *
You barely miss the adder.
The adder is lightly wounded.
The adder barely misses you.
You barely miss the adder.
The adder is lightly wounded.
The adder bites you.
* * * LOW HITPOINT WARNING * * *
You are lethally poisoned!
The adder poisons you! The adder bites you.
* * * LOW HITPOINT WARNING * * *
You are more poisoned.
The adder poisons you!
Okay, then.
As you read the scroll of teleportation, it crumbles to dust.
You feel strangely unstable.
You die...

####....##
#.....####
#......... # .##
#..###.... #
...####..#...#.. . #
..........# # .#
..###.#....###
..........#####
##....#..S@..###
#.....#)####...###.#
..#...........)....#
# #...#.######....##
#....#...# ###...#
#..####..## ##.# ..
#..# .# # #### #


You could see an adder.

Vanquished Creatures
  An adder (D:2)
  A worm (D:2)
  A dart slug (D:1)
  3 leopard geckos (D:1)
  3 goblins
  2 hobgoblins
  2 jackals (D:2)
  3 bats
  2 frilled lizards (D:1)
  A kobold (D:1)
  4 rats (D:1)
23 creatures vanquished.

Notes
Turn   | Place    | Note
-------+----------+-------------------------------------------
     0 | D:1      | Arcadio the Merfolk Transmuter began the quest for the Orb.
     0 | D:1      | Reached XP level 1. HP: 15/15 MP: 3/3
   171 | D:1      | Reached XP level 2. HP: 11/21 MP: 5/5
  1318 | D:2      | Learned a level 2 spell: Wereblood
  1359 | D:2      | Reached XP level 3. HP: 22/26 MP: 6/6
  1363 | D:2      | Learned a level 3 spell: Spider Form
  1460 | D:2      | Reached skill level 1 in Short Blades
  1482 | D:2      | HP: 1/26 [adder (3)]
  1483 | D:2      | Succumbed to an adder's poison

Illustrated notes

Levels and vault maps discovered:
D:1:      minmay_arrival_jagged, layout_basic, corexii_leaking_fountain,
          serial_bayou_lagoon_a, roderic_roman_lattice, fountainhead,
          ebering_dispersal_statue_hall
D:2:      layout_rooms, chequers_ecumenical_altar_simple_redux

Skill      XL: |  1  2  3 |
---------------+----------+-----
Transmutations | 3 |  3.5
Dodging        | 3 |  3.5
Short Blades   | 1 |  1.3
Fighting       | |  1.1
Unarmed Combat | |  3.6
Spellcasting   | |  2.0

Action                   || total
-------------------------++-------
Melee: Unarmed           ||    56
       Tailslap          ||     1
       Dagger            ||    50
       Headbutt          ||     9
 Cast: Beastly Appendage ||    10
  Use: Scroll            ||     4
 Stab: Sleeping          ||     1
Armor: Robe              ||    26
Dodge: Dodged            ||    81
